 Dungeon Crawl Stone Soup version 0.30-a0-639-g3916f1956a (webtiles) character file.

Game seed: 6174368711933726760

357 demibob the Chopper (level 6, -1/47 HPs)
             Began as a Demonspawn Berserker on Jan 16, 2023.
             Was a Priest of Trog.
             Killed from afar by an orc wizard (4 damage)
             ... with a magic dart
             ... on level 4 of the Dungeon.
             The game lasted 00:03:53 (2912 turns).

demibob the Chopper (Demonspawn Berserker)          Turns: 2912, Time: 00:03:54

Health: -1/47      AC:  6    Str: 19    XL:     6   Next: 37%
Magic:  6/6        EV: 11    Int:  9    God:    Trog [***...]
Gold:   172        SH:  0    Dex: 12    Spells: 5/5 levels left

rFire   . . .      SeeInvis .    a - +0 hand axe
rCold   . . .      Faith    +    (no shield)
rNeg    . . .      Spirit   .    n - +0 ring mail
rPois   .          Reflect  .    (no helmet)
rElec   .          Harm     .    (no cloak)
rCorr   .          Rampage  .    (no gloves)
Will    .....                    g - +0 pair of boots
Stlth   +                        e - amulet of faith {!P}
HPRegen 0.27/turn                (no ring)
MPRegen 0.10/turn                (no ring)

@: on berserk cooldown, hasted and slowed
A: ignite blood 1, spiny 1
a: Renounce Religion, Berserk, Trog's Hand


You were on level 4 of the Dungeon.
You worshipped Trog.
Trog was most pleased with you.
You visited 1 branch of the dungeon, and saw 4 of its levels.

You collected 172 gold pieces.


Innate Abilities, Weirdness & Mutations

Your demonic aura sometimes causes spilled blood to erupt in flames.
You are partially covered in sharp spines.


   Skills:
 - Level 3.0 Fighting
 * Level 6.4 Axes
 + Level 2.3 Armour
 - Level 1.7 Dodging


You had 5 spell levels left.
You didn't know any spells.
Your spell library was empty.

Inventory:

Hand Weapons
 a - a +0 hand axe (weapon)
Missiles
 b - 2 throwing nets {=f}
Armour
 g - a +0 pair of boots (worn)
 n - a +0 ring mail (worn)
Jewellery
 e - an amulet of faith (around neck) {!P}
 C - a ring of ice
Scrolls
 d - a scroll of immolation
 m - a scroll of identify {@r1}
Potions
 c - 2 potions of lignification
 f - 2 potions of mutation {unknown}
 h - a potion of haste {@q3}
 i - a potion of berserk rage {unknown}
 j - a potion of curing {unknown}
 k - a potion of flight {unknown}
 l - a potion of degeneration

Dungeon Overview and Level Annotations

Branches:
Dungeon (4/15)
 Temple: D:4-7

Altars:
Ru

Shops:
D:3

[ ## .. ... #.. #.#.#
#.. #.#.# #.# ###
#.#.####.# ..#
#.#.))).## ######.###
#...#@#..# .........#
#....{†)#.#
.....#)#.###.#.#.#.#.
#.)†...............#
##)#.#.###.#########
####.)...# #.########
...<...#####.........
####.........########
.......#####.#


There were no monsters in sight!


Message History

You slash the orc!
You kill the orc!
Trog accepts your kill.
You miss something. Something hits you.
You hear some strange, mumbled words.
Something tries to affect you, but you resist.
You miss something. Something hits you but does no damage.
You miss something.
You hear some strange, mumbled words.
A magic dart appears from out of thin air!
The magic dart hits you.
You hear some strange, mumbled words.
A magic dart appears from out of thin air!
The magic dart hits you!
* * * LOW HITPOINT WARNING * * *
You barely miss something. Something hits you but does no damage.
You closely miss something. Something hits you.
* * * LOW HITPOINT WARNING * * *
Okay, then.
You hit something.
You hear some strange, mumbled words.
A puff of flame appears from out of thin air!
The puff of flame hits you!
* * * LOW HITPOINT WARNING * * *
Something hits you but does no damage.
It was a potion of haste.
You feel yourself speed up.
You hear some strange, mumbled words.
A magic dart appears from out of thin air!
The magic dart hits you.
You die...

Skill      XL: |  1  2  3  4  5 |
---------------+----------------+-----
Axes           | 3 4 5 6 |  6.4
Armour         | 2 |  2.3
Fighting       | |  3.0
Dodging        | |  1.7

Action                   |  1- 3 |  4- 6 || total
-------------------------+-------+-------++-------
Melee: Hand axe          |   133 |   114 ||   247
       Punch             |     1 |     1 ||     2
Invok: Berserk           |     1 |     3 ||     4
  Use: Scroll            |     6 |     4 ||    10
       Potion            |       |     1 ||     1
 Stab: Sleeping          |     2 |     2 ||     4
Armor: Animal skin       |    20 |    12 ||    32
       Ring mail         |       |    15 ||    15
Dodge: Dodged            |    84 |    44 ||   128

Levels and vault maps discovered:
D:1:      ncdulo_wetmaze, layout_rooms, serial_forest,
          infiniplex_forest_lined_ring, infiniplex_forest_clump_medium,
          infiniplex_forest_side_room, infiniplex_forest_clump_tiny,
          infiniplex_forest_fountain
D:2:      layout_basic, basic_ecumenical_altar, minmay_indecisive_spiral
D:3:      layout_loops_ring, mainiacjoe_overflow_alcove_1, serial_shops,
          nicolae_lakefront_shop, kennysheep_potato
D:4:      layout_loops_ring, serial_glass, glass_columns_a, glass_columns_b

Notes
Turn   | Place    | Note
-------+----------+-------------------------------------------
     0 | D:1      | demibob the Demonspawn Berserker began the quest for the
                  | Orb.
     0 | D:1      | Reached XP level 1. HP: 18/18 MP: 1/1
    41 | D:1      | Reached skill level 3 in Axes
    73 | D:1      | Gained mutation: Your demonic aura sometimes causes spilled
                  | blood to erupt in flames. [demonic ancestry]
    73 | D:1      | Reached XP level 2. HP: 15/24 MP: 2/2
   455 | D:1      | Reached ** piety under Trog
   632 | D:1      | Reached XP level 3. HP: 29/29 MP: 3/3
   684 | D:1      | Identified a scroll of acquirement
   684 | D:1      | Acquired an amulet of faith
   809 | D:2      | Reached skill level 4 in Axes
  1252 | D:2      | Found a faded altar of an unknown god.
  1256 | D:2      | Identified the +1 robe "Etoekh" {-Cast rPois Str+6}
  1395 | D:2      | Reached XP level 4. HP: 27/35 MP: 4/4
  1952 | D:3      | Reached skill level 5 in Axes
  1952 | D:3      | Gained mutation: You are partially covered in sharp spines.
                  | [demonic ancestry]
  1952 | D:3      | Reached XP level 5. HP: 41/41 MP: 5/5
  2029 | D:3      | Reached *** piety under Trog
  2398 | D:3      | Found Yheeboto's Armour Emporium.
  2672 | D:3      | Found a sacrificial altar of Ru.
  2797 | D:4      | Reached skill level 6 in Axes
  2806 | D:4      | Reached skill level 2 in Armour
  2891 | D:4      | Reached XP level 6. HP: 47/47 MP: 6/6
  2911 | D:4      | HP: 2/47 [something/puff of flame (13)]
  2912 | D:4      | Killed from afar by an orc wizard

Vanquished Creatures
  3 orc priests
  An iguana (D:3)
  An orc wizard (D:4)
  3 gnolls (D:4)
  8 adders
  4 worms
  10 orcs
  7 ball pythons
  8 bats
  13 endoplasms
  4 giant cockroaches
  5 goblins
  3 hobgoblins
  4 jackals (D:2)
  4 quokkas
  3 frilled lizards
  7 kobolds
  9 rats
97 creatures vanquished.

Vanquished Creatures (others)
  3 plants (D:1)
3 creatures vanquished.

Grand Total: 100 creatures vanquished

Table legend: (Time is in decaauts)
 A = Elapsed time spent in this place.
 B = Non-inter-level travel time spent in this place.
 C = Inter-level travel time spent in this place.
 D = Time resting spent in this place.
 E = Time spent auto-exploring this place.
 F = Levels seen in this place.
 G = Mean time per level.
                   A        B        C        D        E       F      G
               +--------+--------+--------+--------+--------+-----+--------+
         Total |   2962 |   2861 |    101 |     95 |   2190 |   4 |  740.5 |
       Dungeon |   2962 |   2861 |    101 |     95 |   2190 |   4 |  740.5 |
               +--------+--------+--------+--------+--------+-----+--------+

Top non-repeatable levels by time:
     D:3: 1068 daAuts
     D:2: 956 daAuts
     D:1: 809 daAuts
     D:4: 127 daAuts

Table legend:
 A = Non-vault XP
 B = Vault XP
 C = Vault XP percentage of total XP
 D = Non-vault monster count
 E = Vault monster count
 F = Vault count percentage of total count
                 A         B        C        D         E       F
            +---------+---------+-------+---------+---------+-------
      Total |     502 |       9 |   1.8 |      92 |       5 |   5.2
            +---------+---------+-------+---------+---------+-------
        D:1 |      43 |       0 |   0.0 |      26 |       0 |   0.0
        D:2 |      61 |       8 |  11.6 |      23 |       4 |  14.8
        D:3 |     209 |       1 |   0.5 |      28 |       1 |   3.4
        D:4 |     189 |       0 |   0.0 |      15 |       0 |   0.0
            +---------+---------+-------+---------+---------+-------
